 Dungeon Crawl Stone Soup version 0.27-a0-1512-g99fd57bada (webtiles) character file.

Game seed: 15195505808847884430

75 Lekart the Skirmisher (level 4, -5/40 HPs)
             Began as a Draconian Chaos Knight on July 9, 2021.
             Was a Plaything of Xom.
             Slain by a scorpion (9 damage)
             ... on level 3 of the Dungeon.
             The game lasted 00:03:28 (2900 turns).

Lekart the Skirmisher (Draconian Chaos Knight)      Turns: 2900, Time: 00:03:29

Health: -5/40      AC:  8    Str: 15    XL:     4   Next: 11%
Magic:  5/5        EV: 12    Int: 10    God:    Xom [......]
Gold:   105        SH:  4    Dex: 11    Spells: 5/5 levels left

rFire    . . .     SeeInvis .   b - +1 dagger (elec)
rCold    . . .     Faith    .   (no shield)
rNeg     . . .     Spirit   .   (armour unavailable)
rPois    .         Reflect  .   (helmet restricted)
rElec    .         Harm     .   (no cloak)
rCorr    .         Rampage  .   g - +2 pair of gloves
Will     .....                  (no boots)
Stlth    +.........             (no amulet)
HPRegen  0.13/turn              (no ring)
MPRegen  0.09/turn              (no ring)

@: lethally poisoned (-5 -> -6), unable to read
A: AC +5, unfitting armour, cold-blooded, large bone plates 1, dopey 1,
screaming 1, inability to read while threatened
a: Renounce Religion


You were on level 3 of the Dungeon.
You worshipped Xom.
You were a very special plaything of Xom.
You visited 1 branch of the dungeon, and saw 4 of its levels.

You collected 105 gold pieces.

Inventory:

Hand Weapons
 a - a +0 falchion of chaos
 b - a +1 dagger of electrocution (weapon)
Armour
 g - a +2 pair of gloves (worn)
Scrolls
 c - a scroll of immolation {unknown}
 d - a scroll of blinking
 i - 2 scrolls of teleportation {unknown}
Potions
 e - a potion of mutation {unknown}
 f - a potion of haste {unknown}
 h - a potion of attraction {unknown}


   Skills:
 + Level 3.9 Fighting
 + Level 1.0(2.4) Short Blades
 + Level 3.6(3.7) Long Blades
 + Level 2.5 Dodging
 + Level 0.3 Shields
 * Level 1.2 Spellcasting


You had 5 spell levels left.
You didn't know any spells.
Your spell library contained the following spells:

 Spells                   Type           Power      Damage    Failure   Level
 Slow                     Hex            0%         N/A       45%         2
 Confusing Touch          Hex            0%         N/A       71%         3
 Yara's Violent Unravell  Hex/Tmut       0%         3d3       100%        5


Dungeon Overview and Level Annotations

Branches:
Dungeon (4/15)
 Temple: D:4-7

Altars:

Annotations:
D:3 Grinder


Innate Abilities, Weirdness & Mutations

Your plain brown scales are hard. (AC +5)
You cannot fit into any form of body armour.
You are cold-blooded and may be slowed by cold attacks.
You are partially covered in large bone plates. (SH +4)
You are dopey. (Int -2)
You occasionally shout uncontrollably at your foes.
You sometimes lose the ability to read scrolls when taking damage.


Message History

The scorpion suddenly seems more resistant.
The scorpion stings you.
You are poisoned.
The scorpion poisons you!
You barely miss the scorpion.
The scorpion is moderately wounded.
You feel very sick. The scorpion barely misses you.
You hit the scorpion.
The scorpion is moderately wounded.
You feel sick.
You hear Xom's avuncular chuckle.
The scorpion seems to grow stronger.
The scorpion closely misses you.
You barely miss the scorpion.
The scorpion is moderately wounded.
You feel sick. The scorpion barely misses you.
You barely miss the scorpion.
The scorpion is moderately wounded.
You feel sick. The scorpion stings you.
You feel threatened and lose the ability to read scrolls!
You barely miss the scorpion.
Your tail-slap misses the scorpion.
The scorpion is moderately wounded.
You feel sick. The scorpion stings you!
You are too injured to fight recklessly!
You are too injured to fight recklessly!
You are too injured to fight recklessly!
You closely miss the scorpion. You tail-slap the scorpion.
The scorpion is heavily wounded.
You feel sick. The scorpion stings you!
* * * LOW HITPOINT WARNING * * *
The frilled lizard hisses angrily.
You hit the scorpion but do no damage.
The scorpion is heavily wounded.
You feel sick. The scorpion misses you. The scorpion barely misses you.
The frilled lizard unfolds its giant frill.
You hit the scorpion.
The scorpion is severely wounded.
You feel sick. The scorpion stings you!
You die...
Xom snickers!

... ..#. .#.## l..
#..... .........#.##
.... ..##.##.....######
#... ##.#...#.#
#.sBl..J #.#. .... ....
#.#S.### #...###s#.
.#.###.K..#
#....@##.##....[g#.#
##.#.........#.....###
###.....#.#............
#.....#.# #.#.####.#...
#.###...###...##...#..#
#.# ###..........####.#
#.# #..#.#####...#..#
#.# #....# #h#.#.S. #.#
#.#### #S#..g##


You could see a scorpion (strong, resistant) and a frilled lizard.

Vanquished Creatures
  3 adders
  An orc (D:4)
  3 ball pythons (D:1)
  3 bats
  5 endoplasms (D:1)
  5 giant cockroaches
  6 goblins
  3 hobgoblins
  A jackal (D:3)
  3 frilled lizards
  7 kobolds
  4 rats
44 creatures vanquished.

Notes
Turn   | Place    | Note
-------+----------+-------------------------------------------
     0 | D:1      | Lekart the Draconian Chaos Knight began the quest for the
                  | Orb.
     0 | D:1      | Reached XP level 1. HP: 19/19 MP: 1/1
    94 | D:1      | XOM: silly message
   203 | D:1      | Reached XP level 2. HP: 6/26 MP: 2/2
   800 | D:1      | XOM: cloud trail
  1353 | D:2      | Reached XP level 3. HP: 33/33 MP: 4/4
  1646 | D:2      | XOM is BORED!
  1646 | D:2      | XOM: give mutations
  1646 | D:2      | Gained mutation: You are partially covered in large bone
                  | plates. (SH +4) [Xom's mischief]
  1646 | D:2      | Gained mutation: You occasionally shout uncontrollably at
                  | your foes. [Xom's mischief]
  1646 | D:2      | Gained mutation: You are dopey. (Int -2) [Xom's mischief]
  1646 | D:2      | Gained mutation: You sometimes lose the ability to read
                  | scrolls when taking damage. [Xom's mischief]
  1673 | D:2      | XOM: 1-stop teleportation journey
  1717 | D:2      | Noticed a shining eye
  1721 | D:2      | Found a faded altar of an unknown god.
  1728 | D:2      | Noticed a great orb of eyes
  1841 | D:2      | Noticed a floating eye
  1981 | D:2      | Noticed an eye of devastation
  2068 | D:2      | XOM: scenery: summon butterflies
  2078 | D:2      | XOM: torment (18/33 hp)
  2461 | D:3      | Noticed Grinder
  2466 | D:3      | XOM: confuse monster(s)
  2476 | D:3      | XOM: noise
  2479 | D:3      | Paralysed by Grinder for 7 turns
  2481 | D:3      | XOM: 8-stop teleportation journey
  2482 | D:3      | Noticed a scorpion
  2558 | D:4      | Reached skill level 1 in Spellcasting
  2727 | D:3      | Reached XP level 4. HP: 33/40 MP: 5/5
  2875 | D:3      | Reached skill level 1 in Short Blades
  2892 | D:3      | XOM: enchant monster (bad)
  2894 | D:3      | XOM: enchant monster (bad)
  2900 | D:3      | Slain by a scorpion

Illustrated notes

Levels and vault maps discovered:
D:1:      dpeg_arrival_more_subterranean_lakeside_camping, layout_basic,
          palyth_stone_intersect, minmay_small_reverse_x
D:2:      layout_loops_corners, hellmonk_ecumenical_altar_watching_god
D:3:      layout_loops_ring, gammafunk_ghost_grave, gup_sewer_entry_bubbles,
          minmay_fractal_squares_5, uniq_grinder
D:4:      layout_basic, mainiacjoe_overflow_six_doors_small,
          mainiacjoe_overflow_divided_tiny, hellmonk_ghost_happy_afterlife,
          uniq_pikel, uniq_natasha, uniq_edmund

Skill      XL: |  1  2  3  4 |
---------------+-------------+-----
Spellcasting   | 1 |  1.2
Short Blades   | 1 |  1.0
Fighting       | |  3.9
Long Blades    | |  3.6
Dodging        | |  2.5
Shields        | |  0.3

Action                   |  1- 3 |  4- 6 || total
-------------------------+-------+-------++-------
Melee: Falchion          |    17 |       ||    17
       Tailslap          |    12 |     4 ||    16
       Dagger            |   102 |    18 ||   120
  Use: Scroll            |     5 |       ||     5
Armor: Skin              |    84 |     7 ||    91
Dodge: Dodged            |   128 |    10 ||   138
Block: Other             |    26 |     2 ||    28
       Rpst.: Falchion   |     2 |       ||     2

Table legend: (Time is in decaauts)
 A = Elapsed time spent in this place.
 B = Non-inter-level travel time spent in this place.
 C = Inter-level travel time spent in this place.
 D = Time resting spent in this place.
 E = Time spent auto-exploring this place.
 F = Levels seen in this place.
 G = Mean time per level.
                   A        B        C        D        E       F      G
               +--------+--------+--------+--------+--------+-----+--------+
         Total |   2890 |   2806 |     84 |    121 |   2286 |   4 |  722.5 |
       Dungeon |   2890 |   2806 |     84 |    121 |   2286 |   4 |  722.5 |
               +--------+--------+--------+--------+--------+-----+--------+

Top non-repeatable levels by time:
     D:1: 1300 daAuts
     D:2: 1095 daAuts
     D:3: 344 daAuts
     D:4: 150 daAuts
